AoeStats
← TermedSine3328

Yucatan

510626645Analyzed
3v3 RM · 7h ago on Oct 1, 2026· 65m 40s· 6 players
Game mode
Random Map
Map size
Normal (6 player)
Population
200
Speed
Normal
Resources
Standard
Victory
Conquest
Starting age
Dark Age
Ending age
Imperial Age
RankedLock teamsTeams togetherTeam positionsShared explorationLock speedFull tech treeHidden civsTurbo modeCheats
Victory
Defeat
🇹🇷 Goths · Türkiye
953
+20
🇵🇪 Italians · Peru
895
+22
🇵🇪 Spanish · Peru
821
+75
🇧🇷 Magyars · Brazil
1080
-24
🇧🇷 Varangians · Brazil
1000
-21
🇧🇷 Danes · Brazil
993
-21
jhadir
12:03 Feudal Age
16:36 Double-Bit Axe
16:35 Horse Collar
19:01 Castle Age
18:33 Gold Mining
18:36 Stone Mining
25:57 Stone Shaft Mining
28:07 Wheelbarrow
28:14 Heavy Plow
28:27 Bow Saw
28:53 Crossbowman
30:05 Hand Cart
31:40 Squires
34:56 Imperial Age
32:47 Forging
32:37 Scale Mail Armor
32:28 Fletching
32:38 Padded Archer Armor
33:07 Thumb Ring
33:28 Ballistics
33:33 Treadmill Crane
34:46 Iron Casting
34:26 Chain Mail Armor
35:20 Bodkin Arrow
35:40 Leather Archer Armor
36:45 Chemistry
35:22 Capped Ram
36:29 Conscription
36:47 Elite Genoese Crossbowman
38:08 Bracer
39:10 Blast Furnace
38:40 Plate Mail Armor
47:39 Ring Archer Armor
51:28 Two-Man Saw
51:05 Pikeman
51:39 Onager
53:44 Murder Holes
makrimonos
11:16 Feudal Age
11:49 Double-Bit Axe
18:54 Castle Age
16:29 Man-at-Arms
17:17 Scale Mail Armor
17:28 Forging
18:47 Horse Collar
20:14 Long Swordsman
20:57 Squires
27:54 Wheelbarrow
27:04 Town Watch
28:29 Gold Mining
29:32 Bow Saw
32:05 Hand Cart
31:50 Town Patrol
32:32 Chain Mail Armor
33:08 Heavy Plow
34:22 Stone Mining
35:12 Iron Casting
38:46 Imperial Age
36:17 Town Patrol
37:34 Stone Shaft Mining
37:44 Anarchy
38:10 Ballistics
38:52 Pikeman
41:15 Conscription
41:00 Perfusion
40:56 Halberdier
42:44 Capped Ram
45:19 Blast Furnace
56:40 Heavy Scorpion
56:52 Elite Skirmisher
57:42 Padded Archer Armor
57:32 Fletching
58:46 Chemistry
58:53 Leather Archer Armor
60:04 Two-Man Saw
59:39 Crop Rotation
58:44 Heavy Cavalry Archer
59:27 Bodkin Arrow
59:38 Scale Barding Armor
62:20 Ring Archer Armor
61:51 Bracer
62:12 Chain Barding Armor
64:37 Elite Huskarl
TermedSine3328
5:18 Loom
11:53 Feudal Age
22:55 Man-at-Arms
31:20 Castle Age
vitor_age2
9:37 Loom
11:23 Feudal Age
16:36 Castle Age
14:42 Double-Bit Axe
18:47 Wheelbarrow
22:49 Fletching
36:33 Horse Collar
37:46 Hand Cart
40:51 Bow Saw
40:44 Heavy Plow
40:17 Elite Skirmisher
42:16 Bodkin Arrow
42:22 Padded Archer Armor
44:18 Leather Archer Armor
50:30 Scale Barding Armor
51:34 Bloodlines
51:26 Husbandry
50:47 Light Cavalry
57:14 Imperial Age
56:57 Town Watch
60:02 Ring Archer Armor
59:33 Bracer
60:54 Gold Mining
60:55 Stone Mining
61:38 Crop Rotation
62:13 Two-Man Saw
62:10 Ballistics
62:51 Chemistry
62:03 Masonry
62:24 Cavalier
Jigsaw
10:22 Loom
12:08 Feudal Age
15:18 Wheelbarrow
17:08 Castle Age
16:25 Double-Bit Axe
16:25 Horse Collar
19:16 Bow Saw
19:20 Heavy Plow
20:33 Hand Cart
22:23 Stone Mining
25:04 Town Watch
25:49 Gold Mining
26:14 Padded Archer Armor
26:05 Fletching
28:20 Corvinian Army
29:16 Leather Archer Armor
29:48 Scale Barding Armor
32:33 Chain Barding Armor
36:02 Imperial Age
36:17 Husbandry
36:27 Bloodlines
36:18 Bodkin Arrow
37:31 Plate Barding Armor
37:26 Conscription
36:45 Elite Magyar Huszar
38:04 Parthian Tactics
38:56 Crop Rotation
39:40 Two-Man Saw
40:38 Town Patrol
46:25 Ring Archer Armor
45:56 Bracer
51:46 Heavy Cavalry Archer
NannoD
11:23 Feudal Age
15:57 Castle Age
14:04 Loom
14:07 Double-Bit Axe
17:20 Wheelbarrow
16:59 Bow Saw
16:30 Horse Collar
18:07 Heavy Plow
18:17 Gold Mining
18:19 Stone Mining
21:26 Stone Shaft Mining
29:32 Hand Cart
30:30 Gold Shaft Mining
29:56 Hamask
31:37 Gambesons
31:53 Squires
31:38 Arson
32:07 Forging
31:57 Scale Mail Armor
33:37 Murder Holes
33:53 Masonry
36:16 Imperial Age
35:25 Iron Casting
34:50 Scale Mail Armor
34:23 Pikeman
34:23 Man-at-Arms
36:50 Elite Jomsviking
37:50 Conscription
36:52 Northmen's Fury
38:39 Blast Furnace
37:54 Chain Mail Armor
37:04 Heavy Scorpion
39:21 Elite Varangian Guard
39:22 Halberdier
46:02 Chemistry
45:23 Ballistics
Connection lost

Rejoining the realm…

Still unreachable

The connection could not be restored.

Session expired

The server has moved on; the page needs a fresh start.